[ AOE2 MATCH · #495933000 ]
UnrankedBerbers vs Britons
Player's team · WIN
Rival team · LOSS
[ REPLAY ANALYSIS · EXTRACTED FROM THE RECORDED GAME ]
Feudal
9:24
Castle
20:43
Imperial
35:08
| APM avg | 60.1 |
| APM peak | 111 |
| eAPM avg | 24.0 |
| Villagers / military | 89 / 40 |
Focus
⚔️ 46.6% · 🌾 53.4%
Genitour ×28 · Skirmisher ×6 · Knight ×3 · Mangonel ×3
Feudal
8:58
Castle
20:26
Imperial
—
| APM avg | 50.7 |
| APM peak | 88 |
| eAPM avg | 20.5 |
| Villagers / military | 97 / 51 |
Focus
⚔️ 30.4% · 🌾 69.6%
Archer ×31 · Longbowman ×12 · Militia ×4 · Mangonel ×4
Match map
Initial resources + every placement click. Lines = walls · curves = elevation contours. ◆ gold · ⬟ stone · ● berries · ✦ relic · ◌ wall gap
Your base· Open — 5t gap
inscale's base· Open — unwalled flank
Smoothed initial terrain · ◌ = detected wall gap · hover for details
Inputs per minute
— chubstorm - - inscale
Build order — chubstorm
First 150 of 251 actions detected
| 0:00 | Create | Villager (Male) |
| 0:02 | Build | House |
| 0:04 | Build | House |
| 0:10 | Create | Villager (Male) |
| 0:23 | Create | Villager (Male) |
| 0:23 | Create | Villager (Male) |
| 1:11 | Create | Villager (Male) |
| 1:55 | Create | Villager (Male) |
| 2:18 | Build | Lumber Camp |
| 2:22 | Create | Villager (Male) |
| 2:42 | Create | Villager (Male) |
| 2:42 | Create | Villager (Male) |
| 3:00 | Create | Villager (Male) |
| 3:21 | Create | Villager (Male) |
| 4:11 | Create | Villager (Male) |
| 4:13 | Build | Mill |
| 4:34 | Create | Villager (Male) |
| 4:39 | Build | House |
| 4:42 | Research | Loom |
| 5:07 | Create | Villager (Male) |
| 5:08 | Create | Villager (Male) |
| 5:38 | Build | Palisade Wall |
| 5:54 | Create | Villager (Male) |
| 6:05 | Build | Palisade Wall |
| 6:23 | Build | Palisade Wall |
| 6:24 | Create | Villager (Male) |
| 6:24 | Create | Villager (Male) |
| 6:44 | Build | Palisade Wall |
| 6:46 | Build | Palisade Wall |
| 6:53 | Build | Palisade Wall |
| 7:10 | Research | Feudal Age |
| 7:19 | Build | Palisade Wall |
| 7:25 | Build | House |
| 7:46 | Build | Lumber Camp |
| 8:38 | Build | Mill |
| 8:43 | Create | Villager (Male) |
| 9:24 | Age | Feudal Age |
| 9:25 | Create | Villager (Male) |
| 9:38 | Build | Barracks |
| 9:48 | Research | Double-Bit Axe |
| 9:56 | Build | Palisade Wall |
| 9:56 | Build | Palisade Wall |
| 10:02 | Build | House |
| 10:13 | Create | Villager (Male) |
| 10:28 | Build | House |
| 10:34 | Create | Villager (Male) |
| 10:50 | Build | Archery Range |
| 10:56 | Create | Villager (Male) |
| 11:24 | Build | Farm |
| 11:30 | Create | Skirmisher |
| 11:32 | Create | Villager (Male) |
| 11:36 | Build | Farm |
| 11:44 | Create | Skirmisher |
| 11:50 | Build | Farm |
| 12:06 | Create | Villager (Male) |
| 12:07 | Create | Villager (Male) |
| 12:07 | Create | Skirmisher |
| 12:10 | Build | Farm |
| 12:15 | Build | House |
| 12:30 | Research | Horse Collar |
| 12:44 | Create | Villager (Male) |
| 12:51 | Create | Villager (Male) |
| 13:03 | Create | Villager (Male) |
| 13:07 | Create | Villager (Male) |
| 13:11 | Build | Farm |
| 13:27 | Build | House |
| 13:28 | Create | Villager (Male) |
| 13:42 | Create | Skirmisher |
| 13:54 | Build | Farm |
| 14:02 | Build | Blacksmith |
| 14:09 | Build | Blacksmith |
| 14:11 | Create | Villager (Male) |
| 14:12 | Create | Skirmisher |
| 14:26 | Build | Farm |
| 14:45 | Create | Villager (Male) |
| 14:56 | Research | Padded Archer Armor |
| 14:58 | Create | Skirmisher |
| 14:59 | Build | House |
| 15:18 | Build | Palisade Wall |
| 15:19 | Build | House |
| 15:22 | Create | Villager (Male) |
| 15:32 | Build | Palisade Wall |
| 15:35 | Build | Farm |
| 15:36 | Build | Farm |
| 15:49 | Build | Farm |
| 16:05 | Build | Farm |
| 16:06 | Build | Farm |
| 16:14 | Build | Market |
| 16:24 | Create | Villager (Male) |
| 16:27 | Build | Farm |
| 16:34 | Build | Farm |
| 16:55 | Create | Villager (Male) |
| 16:59 | Build | Farm |
| 17:16 | Create | Villager (Male) |
| 18:03 | Research | Castle Age |
| 18:34 | Build | Watch Tower |
| 18:54 | Research | Fletching |
| 19:17 | Build | Lumber Camp |
| 19:19 | Build | Lumber Camp |
| 19:29 | Build | Mining Camp |
| 19:35 | Build | Stable |
| 19:38 | Build | Archery Range |
| 20:43 | Age | Castle Age |
| 20:45 | Create | Genitour |
| 20:45 | Create | Genitour |
| 20:46 | Create | Villager (Male) |
| 20:49 | Research | Bodkin Arrow |
| 20:51 | Create | Villager (Male) |
| 20:58 | Research | Bloodlines |
| 21:16 | Create | Genitour |
| 21:16 | Create | Genitour |
| 21:40 | Create | Villager (Male) |
| 21:43 | Build | Town Center |
| 21:45 | Build | House |
| 21:52 | Build | House |
| 22:06 | Build | House |
| 22:07 | Build | House |
| 22:22 | Create | Villager (Male) |
| 22:28 | Create | Genitour |
| 22:34 | Create | Villager (Male) |
| 22:49 | Create | Villager (Male) |
| 23:12 | Create | Villager (Male) |
| 23:14 | Create | Genitour |
| 23:17 | Build | Farm |
| 23:18 | Build | Farm |
| 23:23 | Create | Genitour |
| 23:23 | Create | Genitour |
| 23:24 | Create | Villager (Male) |
| 23:42 | Research | Leather Archer Armor |
| 23:43 | Create | Villager (Male) |
| 23:52 | Create | Villager (Male) |
| 23:58 | Create | Genitour |
| 23:58 | Create | Genitour |
| 24:14 | Create | Villager (Male) |
| 24:33 | Create | Villager (Male) |
| 24:41 | Create | Villager (Male) |
| 24:46 | Create | Villager (Male) |
| 24:48 | Build | University |
| 25:08 | Create | Villager (Male) |
| 25:11 | Create | Villager (Male) |
| 25:25 | Research | Ballistics |
| 25:26 | Build | House |
| 25:27 | Build | House |
| 25:28 | Create | Villager (Male) |
| 25:28 | Create | Villager (Male) |
| 25:49 | Create | Villager (Male) |
| 25:55 | Build | Siege Workshop |
| 25:57 | Create | Villager (Male) |
| 26:02 | Create | Knight |
| 26:06 | Create | Villager (Male) |
Build order — inscale
First 150 of 230 actions detected
| 0:00 | Create | Villager (Male) |
| 0:01 | Create | Villager (Male) |
| 0:02 | Build | House |
| 0:04 | Build | House |
| 0:10 | Create | Villager (Male) |
| 0:12 | Create | Villager (Male) |
| 1:19 | Build | Mill |
| 1:24 | Create | Villager (Male) |
| 1:52 | Create | Villager (Male) |
| 2:16 | Create | Villager (Male) |
| 2:39 | Create | Villager (Male) |
| 3:16 | Create | Villager (Male) |
| 3:26 | Create | Villager (Male) |
| 3:42 | Create | Villager (Male) |
| 3:49 | Build | House |
| 3:53 | Create | Villager (Male) |
| 4:21 | Build | Lumber Camp |
| 4:45 | Create | Villager (Male) |
| 4:48 | Create | Villager (Male) |
| 4:50 | Create | Villager (Male) |
| 5:42 | Research | Loom |
| 6:40 | Build | Barracks |
| 6:48 | Research | Feudal Age |
| 7:03 | Build | House |
| 7:21 | Create | Militia |
| 7:33 | Build | Mining Camp |
| 7:36 | Create | Villager (Male) |
| 7:43 | Create | Militia |
| 7:44 | Create | Militia |
| 8:15 | Build | House |
| 8:19 | Create | Militia |
| 8:23 | Create | Villager (Male) |
| 8:43 | Build | House |
| 8:58 | Age | Feudal Age |
| 8:59 | Build | Palisade Wall |
| 9:03 | Build | Archery Range |
| 9:11 | Research | Man-at-Arms (upgrade) |
| 9:14 | Create | Villager (Male) |
| 9:34 | Build | Palisade Wall |
| 9:42 | Build | Mill |
| 9:46 | Create | Villager (Male) |
| 9:53 | Build | Palisade Wall |
| 9:54 | Build | House |
| 10:06 | Create | Archer |
| 10:10 | Build | Farm |
| 10:29 | Build | Farm |
| 10:29 | Create | Villager (Male) |
| 10:37 | Build | Palisade Wall |
| 10:53 | Create | Archer |
| 11:01 | Build | Farm |
| 11:01 | Create | Villager (Male) |
| 11:23 | Create | Archer |
| 11:32 | Create | Villager (Male) |
| 11:49 | Build | House |
| 12:12 | Create | Villager (Male) |
| 12:16 | Create | Archer |
| 12:21 | Build | Blacksmith |
| 12:29 | Create | Villager (Male) |
| 12:51 | Create | Archer |
| 12:58 | Create | Villager (Male) |
| 13:04 | Create | Villager (Male) |
| 13:06 | Build | House |
| 13:19 | Build | House |
| 13:20 | Research | Fletching |
| 13:36 | Create | Villager (Male) |
| 13:36 | Create | Villager (Male) |
| 13:54 | Create | Archer |
| 13:55 | Create | Villager (Male) |
| 13:57 | Build | House |
| 14:00 | Create | Archer |
| 14:06 | Build | Farm |
| 14:07 | Create | Villager (Male) |
| 14:08 | Create | Villager (Male) |
| 14:09 | Build | Farm |
| 14:27 | Build | House |
| 14:31 | Build | Farm |
| 14:33 | Create | Villager (Male) |
| 14:39 | Create | Villager (Male) |
| 14:48 | Create | Archer |
| 15:09 | Create | Villager (Male) |
| 15:09 | Create | Villager (Male) |
| 15:15 | Create | Villager (Male) |
| 15:17 | Create | Archer |
| 15:27 | Create | Villager (Male) |
| 15:30 | Build | Farm |
| 15:34 | Build | Farm |
| 15:44 | Create | Villager (Male) |
| 16:07 | Create | Villager (Male) |
| 16:10 | Build | Farm |
| 16:13 | Create | Villager (Male) |
| 16:30 | Build | Market |
| 16:58 | Create | Villager (Male) |
| 17:45 | Research | Castle Age |
| 17:49 | Create | Archer |
| 18:21 | Create | Villager (Male) |
| 18:35 | Create | Archer |
| 18:40 | Create | Villager (Male) |
| 18:46 | Research | Double-Bit Axe |
| 18:50 | Research | Horse Collar |
| 19:02 | Create | Archer |
| 19:07 | Build | Farm |
| 19:10 | Build | Farm |
| 19:20 | Create | Archer |
| 19:36 | Build | Farm |
| 19:37 | Build | Farm |
| 19:43 | Build | Farm |
| 19:49 | Build | Farm |
| 19:49 | Build | Farm |
| 20:26 | Age | Castle Age |
| 20:33 | Build | University |
| 20:36 | Research | Crossbowman (upgrade) |
| 20:38 | Research | Bodkin Arrow |
| 20:45 | Create | Villager (Male) |
| 20:49 | Build | Farm |
| 21:38 | Research | Ballistics |
| 21:42 | Create | Archer |
| 21:42 | Create | Archer |
| 21:42 | Create | Villager (Male) |
| 21:54 | Create | Villager (Male) |
| 21:56 | Build | Farm |
| 22:23 | Create | Archer |
| 22:57 | Create | Archer |
| 22:59 | Create | Villager (Male) |
| 23:01 | Create | Villager (Male) |
| 23:02 | Create | Villager (Male) |
| 23:15 | Create | Villager (Male) |
| 23:17 | Build | Mining Camp |
| 23:17 | Create | Villager (Male) |
| 23:24 | Create | Archer |
| 23:25 | Create | Archer |
| 23:27 | Create | Villager (Male) |
| 23:29 | Build | Farm |
| 23:30 | Create | Villager (Male) |
| 23:34 | Create | Archer |
| 23:35 | Create | Villager (Male) |
| 23:45 | Create | Archer |
| 24:34 | Create | Archer |
| 24:35 | Create | Archer |
| 24:38 | Create | Villager (Male) |
| 24:46 | Create | Archer |
| 24:47 | Create | Villager (Male) |
| 24:53 | Create | Villager (Male) |
| 24:58 | Create | Archer |
| 24:58 | Create | Villager (Male) |
| 25:00 | Build | Siege Workshop |
| 25:10 | Create | Archer |
| 25:17 | Create | Villager (Male) |
| 25:24 | Build | House |
| 25:48 | Create | Mangonel |
| 25:50 | Create | Villager (Male) |
Match timeline
| 5:38 | chubstorm · wall_segment Palisade Wall x5 |
| 6:05 | chubstorm · wall_segment Palisade Wall x9 |
| 6:23 | chubstorm · wall_segment Palisade Wall x6 |
| 6:40 | inscale · first_building Barracks |
| 6:44 | chubstorm · wall_segment Palisade Wall x1 |
| 6:46 | chubstorm · wall_segment Palisade Wall x1 |
| 6:53 | chubstorm · wall_segment Palisade Wall x3 |
| 7:19 | chubstorm · wall_segment Palisade Wall x11 |
| 8:58 | inscale · age_up feudal |
| 8:59 | inscale · wall_segment Palisade Wall x4 |
| 9:03 | inscale · first_building Archery Range |
| 9:24 | chubstorm · age_up feudal |
| 9:34 | inscale · wall_segment Palisade Wall x4 |
| 9:38 | chubstorm · first_building Barracks |
| 9:53 | inscale · wall_segment Palisade Wall x4 |
| 9:56 | chubstorm · wall_segment Palisade Wall x1 |
| 9:56 | chubstorm · wall_segment Palisade Wall x1 |
| 10:37 | inscale · wall_segment Palisade Wall x8 |
| 10:50 | chubstorm · first_building Archery Range |
| 15:18 | chubstorm · wall_segment Palisade Wall x1 |
| 15:32 | chubstorm · wall_segment Palisade Wall x1 |
| 17:13 | chubstorm · first_market_sell 100 wood |
| 17:36 | inscale · first_market_buy 100 food |
| 17:37 | inscale · first_market_sell 100 stone |
| 19:35 | chubstorm · first_building Stable |
| 20:26 | inscale · age_up castle |
| 20:43 | chubstorm · age_up castle |
| 21:39 | chubstorm · first_market_buy 100 stone |
| 25:00 | inscale · first_building Siege Workshop |
| 25:55 | chubstorm · first_building Siege Workshop |
| 30:27 | inscale · first_building Castle |
| 35:08 | chubstorm · age_up imperial |
| 35:18 | inscale · resign |
[ AI ANALYSIS · 1 CREDIT ]
What really happened in this match?
Wolo.gg analyzes every decision: build order, eco, micro, common mistakes by bracket. Personalized analysis on WhatsApp or Discord in 30 seconds.
Civ guide
Berbers
Perfil
chubstorm